 Dungeon Crawl Stone Soup version 0.27.1 (webtiles) character file.

Game seed: 3827147399627984756

7669 Renzlar the Blocker (level 11, -22/89 HPs)
             Began as a Gnoll Fighter on Aug 24, 2021.
             Was an Elder of Okawaru.
             Annihilated by a komodo dragon (25 damage)
             ... on level 2 of the Lair of Beasts.
             The game lasted 00:41:20 (11628 turns).

Renzlar the Blocker (Gnoll Fighter)                Turns: 11628, Time: 00:41:21

Health: -22/89     AC: 15    Str: 17    XL:     11   Next: 18%
Magic:  20/20      EV: 12    Int:  8    God:    Okawaru [****..]
Gold:   512        SH: 11    Dex: 17    Spells: 22/22 levels left

rFire    . . .     SeeInvis +   d - +0 short sword (elec)
rCold    + + .     Faith    +   p - +0 kite shield
rNeg     . . .     Spirit   .   A - quicksilver dragon scales "Forget-Me-Not" {Drain rC+ Will+ Stlth+}
rPois    +         Reflect  .   (no helmet)
rElec    .         Harm     .   u - +0 cloak
rCorr    .         Rampage  .   n - +0 pair of gloves
Will     +++..                  (no boots)
Stlth    ++++......             g - amulet "Royshrue" {Faith rPois rC+ Will++ Str-2}
HPRegen  0.24/turn              C - ring of see invisible
MPRegen  0.17/turn              D - +6 ring of dexterity

@: no status effects
A: fangs 1, strong nose, distributed training
a: Renounce Religion, Heroism


You were on level 2 of the Lair of Beasts.
You worshipped Okawaru.
Okawaru was greatly pleased with you.
You visited 3 branches of the dungeon, and saw 11 of its levels.

You collected 1508 gold pieces.
You spent 996 gold pieces at shops.

Inventory:

Hand Weapons
 a - a +0 war axe
 c - a +1 hunting sling of freezing
 d - a +0 short sword of electrocution (weapon)
 r - a +5 club
 t - a +4 flail
Missiles
 e - 243 stones
 f - 66 sling bullets
 h - a throwing net
 v - 40 bolts
 x - 15 poisoned darts
 y - 3 curare-tipped darts (quivered)
Armour
 n - a +0 pair of gloves (worn)
 p - a +0 kite shield (worn)
 u - a +0 cloak (worn)
 A - the quicksilver dragon scales "Forget-Me-Not" (worn) {Drain rC+ Will+ Stlth+}
   (You bought it in a shop on level 3 of the Dungeon)

   rC:        It protects you from cold.
   Drain:     It drains your maximum health when unequipped.
   Will:      It increases your willpower.
   Stlth:     It makes you more stealthy.
Jewellery
 g - the amulet "Royshrue" (around neck) {Faith rPois rC+ Will++ Str-2}
   (You acquired it on level 3 of the Dungeon)

   [amulet of faith]

   It allows you to gain divine favour quickly.
   Str:       It affects your strength (-2).
   rC:        It protects you from cold.
   rPois:     It protects you from poison.
   Will:      It greatly increases your willpower.
 i - a ring of positive energy
 C - a ring of see invisible (left hand)
 D - a +6 ring of dexterity (right hand)
Wands
 s - a wand of iceblast (6)
Scrolls
 o - a scroll of fog
Potions
 b - a potion of invisibility {unknown}
 j - a potion of cancellation
 k - 2 potions of curing
 l - a potion of lignification
 m - a potion of haste
 q - a potion of brilliance
 B - 2 potions of flight


   Skills:
 + Level 9.0 Fighting
 + Level 6.0 Short Blades
 + Level 6.0 Long Blades
 + Level 7.7 Axes
 + Level 6.0 Maces & Flails
 + Level 6.0 Polearms
 + Level 6.0 Staves
 + Level 6.0 Slings
 + Level 6.0 Bows
 + Level 6.0 Crossbows
 + Level 6.0 Throwing
 + Level 9.0 Armour
 + Level 6.0 Dodging
 + Level 6.0 Stealth
 + Level 9.0 Shields
 + Level 6.0 Unarmed Combat
 + Level 6.0 Spellcasting
 + Level 5.0 Conjurations
 + Level 5.0 Hexes
 + Level 5.0 Summonings
 + Level 5.0 Necromancy
 + Level 5.0 Translocations
 + Level 5.0 Transmutations
 + Level 5.0 Fire Magic
 + Level 5.0 Ice Magic
 + Level 5.0 Air Magic
 + Level 5.0 Earth Magic
 + Level 5.0 Poison Magic
 + Level 6.6 Invocations
 + Level 6.0 Evocations


You had 22 spell levels left.
You didn't know any spells.
Your spell library contained the following spells:

 Spells                   Type           Power      Damage    Failure   Level
 Apportation              Tloc           20%        N/A       11%         1
 Foxfire                  Conj/Fire      40%        2x1d6     11%         1
 Freeze                   Ice            40%        1d6       11%         1
 Sandblast                Erth           20%        2d7       11%         1
 Sting                    Tmut/Pois      40%        1d5       11%         1
 Passwall                 Tmut/Erth      8%         N/A       16%         2
 Poisonous Vapours        Pois/Air       20%        N/A       16%         2
 Conjure Flame            Conj/Fire      10%        6-21      32%         3
 Dazzling Flash           Conj/Hex       20%        N/A       32%         3
 Frozen Ramparts          Ice            20%        1d4       32%         3
 Gell's Gravitas          Tloc           5%         N/A       32%         3
 Inner Flame              Hex/Fire       10%        N/A       32%         3
 Lesser Beckoning         Tloc           5%         N/A       32%         3
 Teleport Other           Tloc           10%        N/A       32%         3
 Hailstorm                Conj/Ice       10%        3d5       71%         4
 Iskenderun's Mystic Bla  Conj/Tloc      10%        2d4       71%         4
 Olgreb's Toxic Radiance  Pois           10%        N/A       71%         4
 Petrify                  Tmut/Erth      10%        N/A       71%         4
 Alistair's Intoxication  Tmut/Pois      6%         N/A       96%         5
 Lee's Rapid Deconstruct  Erth           5%         3d7*      96%         5
 Metabolic Englaciation   Hex/Ice        5%         N/A       96%         5
 Invisibility             Hex            5%         N/A       100%        6
 Starburst                Conj/Fire      5%         6d4       100%        6
 Statue Form              Tmut/Erth      6%         N/A       100%        6


Dungeon Overview and Level Annotations

Branches:
Dungeon (8/15)             Temple (1/1) D:7            Lair (2/6) D:8
  Swamp: Lair:2-4    Shoals: Lair:2-4     Snake: Lair:2-4    Spider: Lair:2-4

Altars:
Ashenzari
Cheibriados
Dithmenos
Elyvilon
Fedhas
Gozag
Hepliaklqana
Kikubaaqudgha
Makhleb
Nemelex Xobeh
Okawaru
Qazlal
Ru
Sif Muna
Trog
Uskayaw
Vehumet
Wu Jian
Xom
Yredelemnul
Zin
The Shining One

Shops:
D:3 [   D:5 =[


Innate Abilities, Weirdness & Mutations

You have very sharp teeth.
Your uncanny sense of smell can sniff out nearby items.
Your experience applies equally to all skills.


Message History

Your Long Blades skill increases to level 6!
Your Maces & Flails skill increases to level 6!
Your Polearms skill increases to level 6!
Your Staves skill increases to level 6!
Your Slings skill increases to level 6!
Your Bows skill increases to level 6!
Your Crossbows skill increases to level 6!
Your Throwing skill increases to level 6!
Your Dodging skill increases to level 6!
Your Stealth skill increases to level 6!
Your Unarmed Combat skill increases to level 6!
Your Spellcasting skill increases to level 6!
Your Conjurations skill increases to level 5!
Your Hexes skill increases to level 5!
Your Summonings skill increases to level 5!
Your Necromancy skill increases to level 5!
Your Translocations skill increases to level 5!
Your Transmutations skill increases to level 5!
Your Fire Magic skill increases to level 5!
Your Ice Magic skill increases to level 5!
Your Air Magic skill increases to level 5!
Your Earth Magic skill increases to level 5!
Your Poison Magic skill increases to level 5!
Your Evocations skill increases to level 6!
Unknown command.
You hit the komodo dragon.
You bite the komodo dragon, but do no damage.
The komodo dragon is lightly wounded.
The komodo dragon bites you!!
You hear the crackle of electricity.
d - a +0 short sword of electrocution (weapon)
You hit the komodo dragon but do no damage.
The komodo dragon bites you!!
* * * LOW HITPOINT WARNING * * *
Unknown command.
You hit the komodo dragon but do no damage.
The komodo dragon bites you!
* * * LOW HITPOINT WARNING * * *
Unknown command.
You barely miss the komodo dragon. The komodo dragon bites you!!
You die...

# ##### ########
.##.#.### ......P#
#.......########.....#
#........##...##.....##
.......)##............#
..#.....#.P....#.....#
..#.........P##......#
⌠.........######@....#
..#..#...## #Pl#..##
.#.#.##### ###†#.#
#....# #.(...# #P.P.#
#§..P## ... #§...#
Y..... #(...... .
.(>..<..#


You could see a komodo dragon.

Vanquished Creatures
  A catoblepas (Lair:2)
  4 elephants (Lair:2)
  A cane toad (Lair:1)
  2 komodo dragons
  A queen bee (Lair:1)
  A hornet (D:8)
  4 yaks (Lair:1)
  A basilisk (Lair:1)
  2 water moccasins
  Duvessa (D:7)
  An orc warrior (D:8)
  2 black bears
  3 ogres
  A centaur (D:6)
  A kobold brigand (D:7)
  2 phantoms
  2 bullfrogs
  A wyvern zombie (D:6)
  Dowan (D:7)
  A water moccasin zombie (D:5)
  2 scorpions
  A wyvern skeleton (D:7)
  A water moccasin skeleton (D:5)
  26 killer bees (Lair:1)
  4 howler monkeys
  A bullfrog zombie (D:5)
  A centaur zombie (D:5)
  Crazy Yiuf (D:3)
  A gnoll shaman (D:7)
  6 hounds
  2 jellies
  2 orc priests
  A centaur skeleton (D:5)
  A bullfrog skeleton (D:5)
  Natasha (thrice) (D:3)
  2 iguanas
  Ijyb (D:3)
  A howler monkey zombie (D:6)
  3 gnolls (D:7)
  5 adders
  A shadow imp (D:6)
  A white imp (D:6)
  An ufetubus (D:5)
  3 worms
  3 dart slugs (D:2)
  25 orcs
  3 ball pythons
  4 endoplasms
  3 giant cockroaches
  6 goblins
  7 hobgoblins
  9 kobolds
  4 quokkas
  6 bats
  3 frilled lizards
  3 rats
180 creatures vanquished.

Vanquished Creatures (others)
  5 fungi
  11 plants
16 creatures vanquished.

Grand Total: 196 creatures vanquished

Notes
Turn   | Place    | Note
-------+----------+-------------------------------------------
     0 | D:1      | Renzlar the Gnoll Fighter began the quest for the Orb.
     0 | D:1      | Reached XP level 1. HP: 23/23 MP: 1/1
   312 | D:1      | Reached XP level 2. HP: 28/29 MP: 2/2
   430 | D:1      | Found a faded altar of an unknown god.
   670 | D:1      | Reached XP level 3. HP: 35/35 MP: 3/3
   862 | D:2      | Reached skill level 1 in Invocations
  1088 | D:2      | Found a shadowy altar of Dithmenos.
  1321 | D:2      | Reached skill level 1 in Short Blades
  1321 | D:2      | Reached skill level 1 in Long Blades
  1321 | D:2      | Reached skill level 1 in Maces & Flails
  1321 | D:2      | Reached skill level 1 in Polearms
  1321 | D:2      | Reached skill level 1 in Staves
  1321 | D:2      | Reached skill level 1 in Slings
  1321 | D:2      | Reached skill level 1 in Bows
  1321 | D:2      | Reached skill level 1 in Crossbows
  1321 | D:2      | Reached skill level 1 in Throwing
  1321 | D:2      | Reached skill level 1 in Dodging
  1321 | D:2      | Reached skill level 1 in Stealth
  1321 | D:2      | Reached skill level 1 in Unarmed Combat
  1321 | D:2      | Reached skill level 1 in Spellcasting
  1321 | D:2      | Reached skill level 1 in Evocations
  1517 | D:3      | Found Jiabao Hotamn's Armour Shoppe.
  1606 | D:3      | Reached XP level 4. HP: 41/41 MP: 5/5
  1611 | D:3      | Noticed Ijyb
  1625 | D:3      | Paralysed by Ijyb for 2 turns
  1643 | D:3      | Killed Ijyb
  1987 | D:3      | Noticed Natasha
  1991 | D:3      | Killed Natasha
  1992 | D:3      | Reached skill level 1 in Conjurations
  1992 | D:3      | Reached skill level 1 in Hexes
  1992 | D:3      | Reached skill level 1 in Summonings
  1992 | D:3      | Reached skill level 1 in Necromancy
  1992 | D:3      | Reached skill level 1 in Translocations
  1992 | D:3      | Reached skill level 1 in Transmutations
  1992 | D:3      | Reached skill level 1 in Fire Magic
  1992 | D:3      | Reached skill level 1 in Ice Magic
  1992 | D:3      | Reached skill level 1 in Air Magic
  1992 | D:3      | Reached skill level 1 in Earth Magic
  1992 | D:3      | Reached skill level 1 in Poison Magic
  2342 | D:3      | Found a runed translucent door.
  2343 | D:3      | Noticed Crazy Yiuf
  2351 | D:3      | Killed Crazy Yiuf
  2352 | D:3      | Reached XP level 5. HP: 32/47 MP: 5/7
  2535 | D:3      | Noticed Natasha
  2542 | D:3      | Killed Natasha
  2660 | D:3      | Identified a scroll of acquirement
  2660 | D:3      | Acquired the amulet "Royshrue" {Faith rPois rC+ Will++
                  | Str-2}
  2731 | D:3      | Noticed Natasha
  2739 | D:3      | Killed Natasha
  2783 | D:4      | Noticed a phantom
  2788 | D:4      | Reached XP level 6. HP: 47/53 MP: 8/8
  2798 | D:4      | Reached skill level 5 in Axes
  3038 | D:4      | Reached XP level 7. HP: 40/59 MP: 10/10
  3429 | D:4      | Found a white marble altar of Elyvilon.
  3895 | D:5      | Entered Level 5 of the Dungeon
  4221 | D:5      | Reached XP level 8. HP: 34/67 MP: 12/12
  4429 | D:5      | Found Ubliurgh's Antique Armour Shoppe.
  4719 | D:5      | Found Uga Och's Jewellery Shoppe.
  5481 | D:6      | Reached XP level 9. HP: 69/72 MP: 14/14
  5805 | D:7      | Noticed Dowan
  5805 | D:7      | Noticed Duvessa
  5829 | D:7      | Killed Duvessa
  5833 | D:7      | Killed Dowan
  6401 | D:7      | Found a staircase to the Ecumenical Temple.
  6411 | Temple   | Entered the Ecumenical Temple
  6458 | Temple   | Became a worshipper of Warmaster Okawaru
  7311 | D:8      | Found a staircase to the Lair.
  7531 | D:8      | Noticed a hornet
  7552 | D:8      | Killed a hornet
  7552 | D:8      | Reached * piety under Okawaru
  7811 | D:8      | Acquired 1017 gold pieces
  8009 | D:3      | Bought the quicksilver dragon scales "Forget-Me-Not" {Drain
                  | rC+ Will+ Stlth+} for 996 gold pieces
  8700 | Lair:1   | Entered Level 1 of the Lair of Beasts
  8740 | Lair:1   | Noticed a komodo dragon
  8757 | Lair:1   | Killed a komodo dragon
  8758 | Lair:1   | Reached skill level 5 in Invocations
  9064 | Lair:1   | Noticed a cane toad
  9074 | Lair:1   | Killed a cane toad
  9167 | Lair:1   | Reached XP level 10. HP: 79/80 MP: 14/17
  9230 | Lair:1   | Reached skill level 5 in Short Blades
  9230 | Lair:1   | Reached skill level 5 in Long Blades
  9230 | Lair:1   | Reached skill level 5 in Maces & Flails
  9230 | Lair:1   | Reached skill level 5 in Polearms
  9230 | Lair:1   | Reached skill level 5 in Staves
  9230 | Lair:1   | Reached skill level 5 in Slings
  9230 | Lair:1   | Reached skill level 5 in Bows
  9230 | Lair:1   | Reached skill level 5 in Crossbows
  9230 | Lair:1   | Reached skill level 5 in Throwing
  9230 | Lair:1   | Reached skill level 5 in Dodging
  9230 | Lair:1   | Reached skill level 5 in Stealth
  9230 | Lair:1   | Reached skill level 5 in Unarmed Combat
  9230 | Lair:1   | Reached skill level 5 in Spellcasting
  9230 | Lair:1   | Reached skill level 5 in Evocations
  9236 | Lair:1   | Reached ** piety under Okawaru
 10005 | Lair:1   | Reached *** piety under Okawaru
 10639 | Lair:2   | Noticed an elephant
 10639 | Lair:2   | Noticed an elephant
 10639 | Lair:2   | Noticed an elephant
 10639 | Lair:2   | Noticed an elephant
 10650 | Lair:2   | Killed an elephant
 11007 | Lair:2   | Killed an elephant
 11019 | Lair:2   | Killed an elephant
 11020 | Lair:2   | Reached XP level 11. HP: 29/87 MP: 19/19
 11030 | Lair:2   | Reached **** piety under Okawaru
 11605 | Lair:2   | Noticed a catoblepas
 11621 | Lair:2   | Killed a catoblepas
 11622 | Lair:2   | Reached skill level 5 in Conjurations
 11622 | Lair:2   | Reached skill level 5 in Hexes
 11622 | Lair:2   | Reached skill level 5 in Summonings
 11622 | Lair:2   | Reached skill level 5 in Necromancy
 11622 | Lair:2   | Reached skill level 5 in Translocations
 11622 | Lair:2   | Reached skill level 5 in Transmutations
 11622 | Lair:2   | Reached skill level 5 in Fire Magic
 11622 | Lair:2   | Reached skill level 5 in Ice Magic
 11622 | Lair:2   | Reached skill level 5 in Air Magic
 11622 | Lair:2   | Reached skill level 5 in Earth Magic
 11622 | Lair:2   | Reached skill level 5 in Poison Magic
 11627 | Lair:2   | HP: 3/89 [komodo dragon (8)]
 11628 | Lair:2   | Annihilated by a komodo dragon

Illustrated notes

Levels and vault maps discovered:
D:1:      erik_arrival_orb_chamber, layout_basic, basic_ecumenical_altar
D:2:      minmay_spotlight, layout_basic, basic_altar
D:3:      layout_loops_cross, serial_shops, nicolae_shop_crystal, uniq_natasha,
          uniq_crazy_yiuf_cottage, uniq_ijyb
D:4:      layout_cave_pools, elyvilon_altar_1, serial_forest,
          infiniplex_forest_clump_cross, infiniplex_forest_3_way,
          infiniplex_forest_lined_3, infiniplex_forest_clump_cross,
          infiniplex_forest_clump_C, infiniplex_forest_side_room,
          infiniplex_forest_clump_cross, infiniplex_forest_end_3, minivault_4
D:5:      layout_gridville, serial_shops, shop, shop
D:6:      layout_loops_ring, nicolae_underground_beach
D:7:      layout_loops_corners, minmay_temple_entry_offerings, uniq_duvessa
D:8:      layout_loops_ring, lair_entry_dummy
Temple:   nicolae_temple_the_god_donut
Lair:1:   layout_roguey [special_room_bee]
Lair:2:   layout_roguey, grunt_megastairs_4, uniq_nergalle

Skill      XL: |  1  2  3  4  5  6  7  8  9 10 11 |
---------------+----------------------------------+-----
Invocations    | 1 2 3 4 5 6 |  6.6
Short Blades   | 1 2 3 4 5 6 |  6.0
Long Blades    | 1 2 3 4 5 6 |  6.0
Maces & Flails | 1 2 3 4 5 6 |  6.0
Polearms       | 1 2 3 4 5 6 |  6.0
Staves         | 1 2 3 4 5 6 |  6.0
Slings         | 1 2 3 4 5 6 |  6.0
Bows           | 1 2 3 4 5 6 |  6.0
Crossbows      | 1 2 3 4 5 6 |  6.0
Throwing       | 1 2 3 4 5 6 |  6.0
Dodging        | 1 2 3 4 5 6 |  6.0
Stealth        | 1 2 3 4 5 6 |  6.0
Unarmed Combat | 1 2 3 4 5 6 |  6.0
Spellcasting   | 1 2 3 4 5 6 |  6.0
Evocations     | 1 2 3 4 5 6 |  6.0
Conjurations   | 1 2 3 4 5 |  5.0
Hexes          | 1 2 3 4 5 |  5.0
Summonings     | 1 2 3 4 5 |  5.0
Necromancy     | 1 2 3 4 5 |  5.0
Translocations | 1 2 3 4 5 |  5.0
Transmutations | 1 2 3 4 5 |  5.0
Fire Magic     | 1 2 3 4 5 |  5.0
Ice Magic      | 1 2 3 4 5 |  5.0
Air Magic      | 1 2 3 4 5 |  5.0
Earth Magic    | 1 2 3 4 5 |  5.0
Poison Magic   | 1 2 3 4 5 |  5.0
Axes           | 5 6 7 |  7.7
Fighting       | 7 8 9 |  9.0
Armour         | 7 8 9 |  9.0
Shields        | 7 8 9 |  9.0

Action                   |  1- 3 |  4- 6 |  7- 9 | 10-12 || total
-------------------------+-------+-------+-------+-------++-------
Melee: War axe           |    80 |    24 |    10 |    10 ||   124
       Bite              |     7 |    10 |    29 |    48 ||    94
       Flail             |       |    36 |   238 |    82 ||   356
       Club              |       |     3 |    18 |       ||    21
       Short sword       |       |       |    24 |   214 ||   238
 Fire: Hunting sling     |    22 |    46 |   167 |    30 ||   265
Throw: Stone             |     1 |       |       |       ||     1
       Dart              |       |       |       |     1 ||     1
Invok: Heroism           |       |       |     2 |     4 ||     6
Evoke: Wand              |       |       |       |     1 ||     1
  Use: Scroll            |       |     7 |     8 |     1 ||    16
       Potion            |       |       |     4 |     1 ||     5
 Stab: Sleeping          |       |       |     1 |     1 ||     2
Armor: Scale mail        |    28 |     9 |       |       ||    37
       Ring mail         |       |    12 |   132 |       ||   144
       Quicksilver drago |       |       |     7 |   135 ||   142
Dodge: Dodged            |    24 |    19 |   136 |   213 ||   392
Block: Kite shield       |    49 |    24 |   172 |   251 ||   496
